 Dungeon Crawl Stone Soup version 0.23.2 (webtiles) character file.

Game seed: 11833633806054486094

2090 Borgoz the Cutter (level 9, -1/73 (74) HPs)
             Began as a Ghoul Gladiator on Apr 3, 2019.
             Was an Initiate of Ashenzari.
             Slain by an orc warrior
             ... wielding a +0 dire flail of distortion
              (6 damage)
             ... on level 7 of the Dungeon.
             The game lasted 00:12:06 (7775 turns).

Borgoz the Cutter (Ghoul Gladiator)                 Turns: 7775, Time: 00:12:06

HP:   -1/73 (74)    AC: 15    Str: 18    XL:     9   Next: 27%
MP:   8/8           EV:  7    Int:  5    God:    Ashenzari [......]
Gold: 336           SH:  0    Dex: 11    Spells: 8/8 levels left

rFire    . . .     SeeInvis +   b - +5 dagger (freeze)
rCold    + . .     Gourm    .   (no shield)
rNeg     + + +     Faith    .   j - +0 plate armour
rPois    ∞         Spirit   .   c - +0 helmet
rElec    .         Reflect  .   (no cloak)
rCorr    .         Harm     .   (no gloves)
MR       .....                  (no boots)
Stlth    ..........             (no amulet)
HPRegen  0.00/turn              h - +2 ring of protection
MPRegen  0.11/turn              m - ring of see invisible

@: rotting
A: rotting body, claws 1, carnivore, cold resistance 1, negative energy
resistance 3, inhibited regeneration, torment resistance, unbreathing
a: Curse Item, Renounce Religion


You were on level 7 of the Dungeon.
You worshipped Ashenzari.
Ashenzari was noncommittal.
You were not hungry.

You visited 2 branches of the dungeon, and saw 8 of its levels.

You collected 336 gold pieces.

Inventory:

Hand Weapons
 a - a +0 rapier
 b - a +5 dagger of freezing (weapon)
Missiles
 d - 5 tomahawks of dispersal
 g - a throwing net (quivered)
Armour
 c - a +0 helmet (worn)
 j - a +0 plate armour (worn)
Jewellery
 h - a +2 ring of protection (left claw)
 m - a ring of see invisible (right claw)
 p - an uncursed ring of ice
Wands
 q - a wand of iceblast (3)
Scrolls
 k - 5 scrolls of identify
 l - a scroll of blinking
 n - 3 scrolls of remove curse
 o - a scroll of fog {unknown}
Potions
 e - a potion of magic
Comestibles
 f - 12 rations


   Skills:
 + Level 5.0 Fighting
 * Level 6.1 Short Blades
 - Level 1.7 Throwing
 * Level 5.3 Armour
 * Level 6.0 Dodging
 + Level 4.6 Stealth


You had 8 spell levels left.
You didn't know any spells.
Your spell library was empty.

Dungeon Overview and Level Annotations

Branches:
Dungeon (7/15)             Temple (1/1) D:6

Altars:
Ashenzari
Cheibriados
Dithmenos
Elyvilon
Fedhas
Gozag
Hepliaklqana
Nemelex Xobeh
Okawaru
Qazlal
Ru
Sif Muna
Trog
Uskayaw
Vehumet
Wu Jian
Xom
Yredelemnul
Zin
The Shining One

Shops:
D:5 *   D:7 (


Innate Abilities, Weirdness & Mutations

Your body is rotting away.
You thrive on raw meat.
You are immune to poison.
You have sharp fingernails.
You are carnivorous and can eat meat at any time.
Your flesh is cold resistant. (rC+)
You are immune to negative energy. (rN+++)
You do not regenerate when monsters are visible.
You are immune to unholy pain and torment.
You can survive without breathing.


Message History

The phantom is heavily damaged.
The orc warrior closely misses you.
You hit the phantom.
The phantom is heavily damaged.
The phantom hits you but does no damage.
The orc warrior hits you with a +0 dire flail of distortion!
Space warps horribly around you!
* * * LOW HITPOINT WARNING * * *
You hit the phantom.
The phantom is severely damaged.
The phantom blinks!
The crimson imp hits you but does no damage.
You see here a howler monkey corpse.
Unknown command.
The crimson imp blinks!
There is a stone staircase leading up here.
The orc warrior hits you with a +0 dire flail of distortion!
* * * LOW HITPOINT WARNING * * *
Space bends around you.
You die...

...#...# ...#...# ## ..
..W.<..# .# #.#
...#...####.# #.#
.#.#l#.#....#####.#######
#.#.#.#......##..........
.#.#.#.#.................
#.#.#.#...#####5.........
W#.#.#.#..# #.@W.......
#.#.#.#..∩# #†#o###...
.#.#.#.#..# #.#o#
#.#.#.#...# #.#)#
.#.#.#.#...! ..#.#
#.#.#.#...### ###.#
.#.#.#.#..# ...
#.#.#.#...# ... .###
#...## ...


You could see a phantom, an orc warrior, a crimson imp and an orc.

Vanquished Creatures
  Prince Ribbit (D:6)
  2 water moccasins (D:6)
  An orc warrior (D:5)
  2 sky beasts
  2 ogres
  A centaur (D:6)
  2 bullfrogs (D:6)
  2 scorpions
  4 killer bees
  A howler monkey (D:7)
  3 wights
  A crimson imp (D:7)
  An orc priest (D:7)
  4 hounds
  2 orc wizards (D:6)
  An iguana (D:4)
  3 worker ants
  9 gnolls
  6 adders
  2 shadow imps (D:5)
  An ooze (D:2)
  5 worms
  3 dart slugs
  6 leopard geckos
  21 orcs
  2 ball pythons
  4 giant cockroaches
  5 goblins
  8 hobgoblins
  2 jackals (D:2)
  2 quokkas
  8 bats
  6 frilled lizards
  8 kobolds
  8 rats
139 creatures vanquished.

Vanquished Creatures (others)
  4 toadstools (D:1)
4 creatures vanquished.

Grand Total: 143 creatures vanquished

Notes
Turn   | Place    | Note
-------+----------+-------------------------------------------
     0 | D:1      | Borgoz the Ghoul Gladiator began the quest for the Orb.
     0 | D:1      | Reached XP level 1. HP: 17/17 MP: 0/0
   146 | D:1      | Reached XP level 2. HP: 14/25 MP: 1/1
   885 | D:1      | Reached XP level 3. HP: 29/29 MP: 2/2
   932 | D:2      | Reached skill level 1 in Armour
  1012 | D:2      | Reached skill level 1 in Stealth
  1152 | D:2      | Reached XP level 4. HP: 29/37 MP: 3/3
  2311 | D:3      | Found a blossoming altar of Fedhas.
  2315 | D:3      | Noticed an ogre
  2335 | D:3      | Killed an ogre
  2335 | D:3      | Reached XP level 5. HP: 24/45 MP: 4/4
  2903 | D:3      | Reached XP level 6. HP: 51/51 MP: 5/5
  2917 | D:3      | Found a shadowy altar of Dithmenos.
  3538 | D:4      | Found a sparkling altar of Nemelex Xobeh.
  3842 | D:4      | Reached XP level 7. HP: 56/57 MP: 6/6
  4087 | D:5      | Entered Level 5 of the Dungeon
  4120 | D:5      | Found Ryett's General Store.
  4660 | D:5      | Found a bloodstained altar of Trog.
  4885 | D:6      | Reached XP level 8. HP: 45/66 MP: 7/7
  5488 | D:6      | Found a staircase to the Ecumenical Temple.
  5512 | D:6      | Reached skill level 5 in Short Blades
  5512 | D:6      | Reached skill level 5 in Dodging
  5632 | Temple   | Entered the Ecumenical Temple
  5835 | Temple   | Became a worshipper of Ashenzari the Shackled
  5866 | D:6      | Found an iron altar of Okawaru.
  5866 | D:6      | Noticed a two-headed ogre
  5873 | D:6      | HP: 1/66 [two-headed ogre/+0 giant spiked club (21)]
  6610 | D:7      | Found Caatygi's Antique Weapon Shop.
  6633 | D:7      | Noticed Prince Ribbit
  7158 | D:5      | Reached skill level 5 in Armour
  7158 | D:5      | Reached XP level 9. HP: 27/70 MP: 8/8
  7574 | D:6      | Found a white marble altar of Elyvilon.
  7574 | D:6      | Found an opulent altar of Gozag.
  7667 | D:6      | Killed Prince Ribbit
  7762 | D:7      | Reached skill level 5 in Fighting
  7775 | D:7      | Slain by an orc warrior

Skill      XL: |  1  2  3  4  5  6  7  8  9 |
---------------+----------------------------+-----
Short Blades   | 3 4 5 6 |  6.1
Dodging        | 3 4 5 6 |  6.0
Armour         | 1 2 3 5 |  5.3
Stealth        | 1 2 3 4 |  4.6
Fighting       | 3 4 5 |  5.0
Throwing       | |  1.7

Action                   |  1- 3 |  4- 6 |  7- 9 || total
-------------------------+-------+-------+-------++-------
Melee: Rapier            |    78 |   259 |   274 ||   611
       Dagger            |       |       |   141 ||   141
Throw: Throwing net      |       |     4 |     5 ||     9
Evoke: Wand              |       |       |     6 ||     6
  Use: Scroll            |     5 |     3 |     3 ||    11
       Potion            |     2 |     1 |     7 ||    10
 Stab: Sleeping          |     1 |       |       ||     1
       Held in net/web   |       |     2 |       ||     2
  Eat: Chunk             |     1 |    15 |    24 ||    40
Armor: Leather armour    |    23 |    28 |       ||    51
       Plate armour      |       |   109 |   286 ||   395
Dodge: Dodged            |    48 |   122 |   152 ||   322
